 Dungeon Crawl Stone Soup version 0.27-a0-1193-g8631133539 (webtiles) character file.

Game seed: 12625446647133606333

476 Aggronaut the Agent of Entropy (level 6, -1/47 HPs)
             Began as a Demonspawn Abyssal Knight on May 26, 2021.
             Was a Priest of Lugonu.
             Slain by a hornet (14 damage)
             ... on level 6 of the Dungeon.
             The game lasted 00:16:18 (6944 turns).

Aggronaut the Agent of Entropy (DsAK)               Turns: 6944, Time: 00:16:19

Health: -1/47      AC: 10    Str: 15    XL:     6   Next: 84%
Magic:  10/10      EV: 11    Int: 19    God:    Lugonu [***...]
Gold:   78         SH:  0    Dex: 12    Spells: 5/5 levels left

rFire    . . .     SeeInvis .   o - +3 whip
rCold    . . .     Faith    .   (no shield)
rNeg     . . .     Spirit   .   z - +6 leather armour of the Nexus {Harm Int+4}
rPois    .         Reflect  .   (no helmet)
rElec    .         Harm     +   d - +0 cloak
rCorr    +         Rampage  .   (no gloves)
Will     .....                  (no boots)
Stlth    +.........             (no amulet)
HPRegen  0.15/turn              y - ring of resist corrosion
MPRegen  0.12/turn              (no ring)

@: slowed, very slow
A: big brain 1
a: Renounce Religion, Depart the Abyss, Bend Space, Banish


You were on level 6 of the Dungeon.
You worshipped Lugonu.
Lugonu was most pleased with you.
You visited 1 branch of the dungeon, and saw 6 of its levels.
You visited the Abyss 1 time.

You collected 126 gold pieces.
You spent 48 gold pieces at shops.

Inventory:

Hand Weapons
 o - a +3 whip (weapon)
Missiles
 w - 2 throwing nets
Armour
 d - a +0 cloak (worn)
 m - a +0 ring mail
 z - the +6 leather armour of the Nexus (worn) {Harm Int+4}
   (You took it off a kobold on level 4 of the Dungeon)

   It affects your intelligence (+4).
   It increases damage dealt and taken.
Jewellery
 a - a ring of flight
 y - a ring of resist corrosion (left hand)
Wands
 n - a wand of flame (11)
 s - a wand of paralysis (11)
 t - a wand of polymorph (9)
Scrolls
 b - a scroll of immolation
 c - a scroll of holy word {unknown}
 g - 2 scrolls of amnesia {unknown}
 h - 2 scrolls of fog {unknown}
 i - a scroll of blinking {unknown}
 j - a scroll of teleportation {unknown}
 l - a scroll of enchant armour {unknown}
 q - a scroll of magic mapping {unknown}
 r - a scroll of fear {unknown}
 v - a scroll of vulnerability {unknown}
Potions
 e - 3 potions of might
 k - 4 potions of curing
 p - 2 potions of heal wounds
 u - a potion of mutation
 x - 2 potions of magic


   Skills:
 - Level 3.1 Fighting
 * Level 5.6 Maces & Flails
 - Level 1.7 Armour
 - Level 0.8 Dodging
 + Level 5.8 Invocations


You had 5 spell levels left.
You didn't know any spells.
Your spell library contained the following spells:

 Spells                   Type           Power      Damage    Failure   Level
 Corona                   Hex            0%         N/A       26%         1
 Ensorcelled Hibernation  Hex/Ice        0%         N/A       36%         2
 Confusing Touch          Hex            0%         N/A       58%         3
 Dazzling Flash           Conj/Hex       0%         N/A       58%         3
 Tukima's Dance           Hex            0%         N/A       58%         3


Dungeon Overview and Level Annotations

Branches:
Dungeon (6/15)             Temple (0/1) D:6

Altars:
Elyvilon
Hepliaklqana
Ru
Uskayaw

Shops:
D:3 :   D:4 =[!?

Annotations:
D:6 Blork the orc


Innate Abilities, Weirdness & Mutations

You have an unusually large brain. (Int +2)


Message History

You hit Blork the orc.
Blork the orc is lightly wounded.
Blork the orc closely misses you.
You hit Blork the orc but do no damage.
Blork the orc is lightly wounded.
Blork the orc hits you but does no damage.
You hit Blork the orc.
Blork the orc is moderately wounded.
You barely miss Blork the orc.
Blork the orc is moderately wounded.
Blork the orc misses you.
You closely miss Blork the orc.
Blork the orc is moderately wounded.
Blork the orc points at you and mumbles some strange words.
The puff of frost hits you.
You whack Blork the orc!
Blork the orc is heavily wounded.
Blork the orc completely misses you.
You closely miss Blork the orc.
Blork the orc is heavily wounded.
The hornet stings you but does no damage.
Blork the orc hits you with a +0 hand axe!
You hit Blork the orc.
Blork the orc is severely wounded.
The hornet stings you.
You feel yourself slow down.
Blork the orc gestures wildly while chanting.
Blork the orc seems to speed up.
The hornet stings you!
You feel as though you will be slow longer.
You hit Blork the orc.
Blork the orc is almost dead.
Blork the orc barely misses you. The hornet closely misses you.
You closely miss Blork the orc.
Blork the orc is almost dead.
Blork the orc points at you and mumbles some strange words.
The magic dart hits you.
* * * LOW HITPOINT WARNING * * *
The hornet barely misses you.
A white imp comes into view.
The hornet stings you!
You die...

#..<.#.#
##.##.#5####
###.......(#.##
#..............
#.#.........#..
# ##........#
#......#.#
#.......##
#...(#.@y#
#.....#.o...#
#..#####.>.##
#.. ....# #.#
.#...# #.
###.... #..#
...


You could see a hornet, Blork the orc (fast, strong) and a white imp.

Vanquished Creatures
  A black bear (D:5)
  A howler monkey (D:6)
  A hound (D:5)
  A jelly (D:5)
  An iguana (D:4)
  A hound skeleton (D:5)
  9 adders
  3 gnolls (D:5)
  An ufetubus (D:4)
  2 adder skeletons (D:4)
  2 worms
  A dart slug (D:1)
  13 orcs
  13 ball pythons
  8 bats
  13 endoplasms
  2 giant cockroaches
  16 goblins
  7 hobgoblins
  2 jackals (D:4)
  3 quokkas
  5 kobolds
  6 rats
112 creatures vanquished.

Vanquished Creatures (others)
  17 fungi (D:4)
17 creatures vanquished.

Grand Total: 129 creatures vanquished

Notes
Turn   | Place    | Note
-------+----------+-------------------------------------------
     0 | Abyss:1  | Aggronaut the Demonspawn Abyssal Knight began the quest for
                  | the Orb.
     0 | Abyss:1  | Reached XP level 1. HP: 18/18 MP: 2/2
    36 | Abyss:1  | Found a corrupted altar of Lugonu.
    36 | Abyss:1  | Noticed a starcursed mass
    37 | D:1      | Escaped the Abyss
   234 | D:1      | Gained mutation: You have an unusually large brain. (Int
                  | +2) [demonic ancestry]
   234 | D:1      | Reached XP level 2. HP: 11/24 MP: 4/4
   256 | D:1      | Reached * piety under Lugonu
   951 | D:1      | Reached XP level 3. HP: 29/29 MP: 5/5
  2138 | D:2      | Reached XP level 4. HP: 33/35 MP: 6/6
  2149 | D:2      | Reached ** piety under Lugonu
  2190 | D:3      | Found a faded altar of an unknown god.
  2597 | D:3      | Found Giopt's Book Boutique.
  3742 | D:3      | Found a sacrificial altar of Ru.
  4055 | D:4      | Reached XP level 5. HP: 38/41 MP: 8/8
  4136 | D:4      | Found Zoskipn's Jewellery Emporium.
  4196 | D:4      | Found a hide-covered altar of Uskayaw.
  4269 | D:4      | You fall into a shaft and drop 1 floor!
  4269 | D:5      | Entered Level 5 of the Dungeon
  5189 | D:5      | Noticed a water moccasin
  5211 | D:5      | HP: 2/41 [water moccasin (5)]
  5220 | D:4      | a water moccasin changed into a bat
  5243 | D:4      | Found a hazy altar of Hepliaklqana.
  5481 | D:4      | Reached skill level 5 in Invocations
  5601 | D:4      | Reached XP level 6. HP: 46/47 MP: 9/9
  5629 | D:4      | Identified the +6 leather armour of the Nexus {Harm Int+4}
  5645 | D:4      | Reached *** piety under Lugonu
  5866 | D:4      | Reached skill level 5 in Maces & Flails
  5876 | D:4      | Found Caitaro's Magic Scroll Shop.
  5879 | D:4      | Bought a scroll of identify for 24 gold pieces
  5879 | D:4      | Bought a scroll of identify for 24 gold pieces
  5889 | D:4      | Found Nuirchuw's Distillery.
  5892 | D:4      | Found Jyugoar's Antique Armour Shop.
  6923 | D:6      | Found a staircase to the Ecumenical Temple.
  6931 | D:6      | Noticed Blork the orc
  6934 | D:6      | Noticed a hornet
  6944 | D:6      | Slain by a hornet

Illustrated notes

Levels and vault maps discovered:
D:1:      minmay_arrival_solitary_statue, layout_rooms, hangedman_decor_points
D:2:      minmay_inner_zag, layout_basic, minmay_misc_feat_roman,
          minmay_goblin_outpost
D:3:      layout_basic, elyvilon_altar_3, nicolae_ru_path_of_blood,
          ebering_ecumenical_altar_abandoned, serial_shops, shop,
          amcnicky_mini_rare_corridor_liquid, minmay_misc_feat_pillars,
          chequers_serial_rivers_small_3, minmay_misc_feat_four_crosses,
          lemuel_old_faithful
D:4:      layout_rooms, worldfamousw_hep_ancestral_shrine,
          kennysheep_little_box, serial_aquarium, aquarium_bridge_long_separate
          [aquarium_subvault_balcony, aquarium_subvault_bridge,
          aquarium_subvault_window, aquarium_subvault_window,
          aquarium_subvault_bridge, aquarium_subvault_bridge],
          aquarium_window_corner, aquarium_window_double, aquarium_window_1,
          aquarium_view_2d, aquarium_balcony_5a, serial_shops, shop, shop,
          nicolae_shop_behind_doors, nicolae_shop_trees, hangedman_decor_lopped
D:5:      layout_gridville
D:6:      layout_loops_ring, lightli_temple_of_fire, minmay_temple_entry_arrows,
          enter_ossuary_4, kennysheep_small_spiral, uniq_blork_the_orc,
          uniq_prince_ribbit1, uniq_grinder

Skill      XL: |  1  2  3  4  5  6 |
---------------+-------------------+-----
Maces & Flails | 2 3 4 5 |  5.6
Invocations    | 3 4 5 |  5.8
Fighting       | |  3.1
Armour         | |  1.7
Dodging        | |  0.8

Action                   |  1- 3 |  4- 6 || total
-------------------------+-------+-------++-------
Melee: Mace              |   131 |    39 ||   170
       Whip              |       |   278 ||   278
Invok: Depart the Abyss  |     1 |       ||     1
       Bend Space        |       |     3 ||     3
Evoke: Wand              |       |     5 ||     5
  Use: Potion            |       |     2 ||     2
       Scroll            |       |     6 ||     6
 Stab: Sleeping          |     1 |       ||     1
Armor: Leather armour    |    34 |    18 ||    52
       Ring mail         |     9 |   106 ||   115
Dodge: Dodged            |    85 |   186 ||   271

Table legend: (Time is in decaauts)
 A = Elapsed time spent in this place.
 B = Non-inter-level travel time spent in this place.
 C = Inter-level travel time spent in this place.
 D = Time resting spent in this place.
 E = Time spent auto-exploring this place.
 F = Levels seen in this place.
 G = Mean time per level.
                   A        B        C        D        E       F      G
               +--------+--------+--------+--------+--------+-----+--------+
         Total |   6960 |   6825 |    135 |   2548 |   3067 |   7 |  994.3 |
       Dungeon |   6923 |   6788 |    135 |   2548 |   3031 |   6 | 1153.8 |
         Abyss |     37 |     37 |      0 |      0 |     36 |   1 |   37.0 |
               +--------+--------+--------+--------+--------+-----+--------+

Top non-repeatable levels by time:
     D:3: 1565 daAuts
     D:5: 1466 daAuts
     D:4: 1400 daAuts
     D:1: 1249 daAuts
     D:2: 1219 daAuts
 Abyss:1: 37 daAuts
     D:6: 21 daAuts
